[Event "Titled Tuesday Blitz November 01 Early 2022"]
[White "parintele_chess"]
[Black "Khamdamova, Afruza"]
[BlackFideId "14210444"]
[WhiteElo "2214"]
[BlackElo "2018"]
[Result "0-1"]
[Round "04"]
[TimeControl "180+1"]
[Date "2022.11.02"]
[WhiteClock "0:00:09"]
[BlackClock "0:00:07"]

1. d4 Nf6 2. Bf4 d5 3. Nf3 c5 4. e3 Nc6 5. Nbd2 Qb6 6. dxc5 Qxb2 7. Rb1 Qc3 8. Bb5 e6 9. O-O Qxc5 10. c4 Be7 11. cxd5 Nxd5 12. Ne4 Qa3 13. Rb3 Qa5 14. Nd6+ Bxd6 15. Bxd6 Bd7 16. Qd3 Qd8 17. e4 Nf6 18. Qe2 Na5 19. Bxd7+ Qxd7 20. Rd3 Qc6 21. Ne5 Qxe4 22. Re3 Qa4 23. Nxf7 Kxf7 24. Rxe6 Rhe8 25. Re1 Kg8 26. Re7 Rxe7 27. Bxe7 Re8 28. Qe6+ Kh8 29. Qf7 Qc6 0-1


[Site "https://www.chess.com"]

[Event "Titled Tuesday Blitz November 01 Early 2022"]
[White "Agasarov, Benik"]
[Black "Makarian, Rudik"]
[WhiteFideId "13314823"]
[BlackFideId "44105681"]
[WhiteElo "2152"]
[BlackElo "2405"]
[Result "1-0"]
[Round "05"]
[TimeControl "180+1"]
[Date "2022.11.01"]
[WhiteClock "0:00:11"]
[BlackClock "0:00:15"]

1. d4 Nf6 2. c4 g6 3. Nc3 Bg7 4. Nf3 d6 5. g3 O-O 6. Bg2 Nc6 7. O-O a6 8. d5 Na5 9. b3 c5 10. Bb2 Rb8 11. Nd2 b5 12. Qc2 e5 13. e4 h5 14. h4 Ng4 15. Rae1 Bd7 16. f3 Nh6 17. Nd1 Nb7 18. Ne3 Qe7 19. Rf2 a5 20. cxb5 Bxb5 21. Ndc4 a4 22. bxa4 Bd7 23. a5 Ra8 24. Bc3 Ra7 25. Rb1 g5 26. hxg5 Qxg5 27. Nf1 f5 28. Bd2 f4 29. a6 Nd8 30. Nxd6 Rxa6 31. Qxc5 Qg6 32. Nc4 fxg3 33. Re2 h4 34. Rb6 Rxb6 35. Qxb6 Qh5 36. Bxh6 Bxh6 37. Nxe5 Qxe5 38. Qxh6 Qd4+ 39. Qe3 Qxe3+ 40. Rxe3 Rf4 41. e5 Kf8 42. e6 Bxe6 43. dxe6 Ke7 44. Bh3 Ra4 45. Re2 Nc6 46. Ne3 Ra5 47. Nf5+ Rxf5 48. Bxf5 Nd4 49. Bd3 h3 50. Re3 Nc6 51. f4 Nd4 52. Rxg3 1-0


[Site "https://www.chess.com"]

[Event "Titled Tuesday Blitz November 01 Early 2022"]
[White "Aizpurua, Patrick Emilio"]
[Black "Jovic, Stanoje"]
[WhiteFideId "6600522"]
[BlackFideId "905020"]
[WhiteElo "2378"]
[BlackElo "2238"]
[Result "1-0"]
[Round "05"]
[TimeControl "180+1"]
[Date "2022.11.02"]
[WhiteClock "0:00:11"]
[BlackClock "0:00:05"]

1. d4 Nf6 2. c4 e6 3. Nf3 b6 4. g3 Ba6 5. b3 Bb4+ 6. Bd2 Be7 7. Nc3 O-O 8. Bg2 d5 9. cxd5 exd5 10. O-O Re8 11. Ne5 c5 12. dxc5 bxc5 13. Bg5 Bb7 14. Rc1 h6 15. Bf4 Bf8 16. Nd3 Nc6 17. Na4 Nd4 18. Be5 Ng4 19. Bxd4 cxd4 20. e3 Ba6 21. exd4 Nf6 22. Nac5 Bxd3 23. Qxd3 a5 24. Rfe1 Qb6 25. Rxe8 Rxe8 26. Na4 Qb4 27. Nc3 Rc8 28. Rc2 g6 29. Nxd5 Qe1+ 30. Bf1 Rxc2 31. Nxf6+ Kg7 32. Nh5+ gxh5 33. Qxc2 Be7 34. Qf5 Bf6 35. d5 Qd2 36. Qxh5 Qxa2 37. Bc4 Qa1+ 38. Kg2 a4 39. d6 1-0


[Site "https://www.chess.com"]

[Event "Titled Tuesday Blitz November 01 Early 2022"]
[White "Amgalantengis, Enkh-Amgalan"]
[Black "Orozbaev, Eldiar"]
[WhiteFideId "4903536"]
[BlackFideId "13802240"]
[WhiteElo "1772"]
[BlackElo "2244"]
[Result "0-1"]
[Round "05"]
[TimeControl "180+1"]
[Date "2022.11.02"]
[WhiteClock "0:00:58"]
[BlackClock "0:00:05"]

1. d4 Nf6 2. Nf3 e6 3. Nc3 d5 4. Bg5 c5 5. e4 Be7 6. exd5 Nxd5 7. Bxe7 Qxe7 8. Bb5+ Bd7 9. Bxd7+ Nxd7 10. O-O Nxc3 11. bxc3 O-O 12. Rb1 b6 13. Qe2 Rfd8 14. d5 Nf8 15. c4 Rd6 16. Rfe1 Rad8 17. Rb3 Qf6 18. dxe6 Nxe6 19. Rd3 Rxd3 20. cxd3 g6 21. Qe4 Qf4 22. g3 Qxe4 23. dxe4 Rd3 24. Kg2 Rc3 25. Rd1 Rxc4 26. Rd7 Rxe4 27. Rxa7 b5 28. Rb7 b4 29. h4 h5 30. Rb5 Re2 31. Ng5 Nxg5 32. hxg5 Re5 33. f4 Re2+ 34. Kh3 Rc2 35. g4 Rc3+ 36. Kh4 hxg4 37. Kxg4 Kf8 38. Rb7 Rc2 39. Rc7 c4 40. f5 gxf5+ 41. Kxf5 c3 42. Rc4 Rb2 43. a3 bxa3 44. Rxc3 a2 45. Ra3 Kg7 46. Ra6 Rc2 47. Kf4 Rg2 48. Kf5 Kf8 49. Ra7 Ke8 50. Kf6 Rf2+ 51. Kg7 Kd8 52. Kg8 Kc8 53. Kg7 Kb8 54. Ra6 Kb7 55. Ra5 Kb6 56. Ra3 Kc5 57. Ra8 Kd6 58. Ra5 Ke6 59. Kf8 Rg2 60. Ra6+ Kf5 61. Ra5+ Kg6 62. Kg8 Re2 63. Kf8 f5 64. gxf6 Kxf6 65. Ra8 Rb2 66. Ra6+ Ke5 67. Ke7 Kd4 68. Kd6 Kc3 69. Kc5 Kc2 70. Kc4 Kb1 71. Kc3 a1=Q 72. Rf6 Rf2+ 73. Kb3 Rxf6 74. Kc4 Qe5 75. Kd3 Rf4 76. Kd2 Rd4+ 77. Kc3 Qc5+ 78. Kb3 Qc2+ 79. Ka3 Qb2# 0-1


[Site "https://www.chess.com"]

[Event "Titled Tuesday Blitz November 01 Early 2022"]
[White "Arabidze, Meri"]
[Black "Aarav Dengla"]
[WhiteFideId "13604040"]
[BlackFideId "45059756"]
[WhiteElo "2403"]
[BlackElo "2257"]
[Result "1-0"]
[Round "05"]
[TimeControl "180+1"]
[Date "2022.11.02"]
[WhiteClock "0:00:34"]
[BlackClock "0:00:29"]

1. d4 d5 2. Nf3 e6 3. c4 a6 4. g3 dxc4 5. Bg2 Nc6 6. O-O Rb8 7. e3 Nf6 8. Nfd2 Na5 9. Qa4+ c6 10. Nxc4 Nxc4 11. Qxc4 Be7 12. b4 O-O 13. Bb2 Nd5 14. a3 a5 15. e4 Nb6 16. Qb3 axb4 17. axb4 Ra8 18. Rxa8 Nxa8 19. Rd1 Qb6 20. Bc3 Nc7 21. Na3 Nb5 22. Nc4 Qc7 23. Bb2 Rd8 24. h4 Bf6 25. e5 Be7 26. Be4 h6 27. h5 Bd7 28. Bb1 Kf8 29. Qc2 Ke8 30. Qh7 Bf8 31. Rd3 Bc8 32. Qg8 b6 33. Rf3 Ba6 34. Rxf7 Qxf7 35. Bg6 Rd7 36. Nxb6 Rb7 37. Nc4 Rd7 38. Nd6+ Nxd6 39. exd6 Bc4 40. d5 Bxd5 41. Bxg7 1-0


[Site "https://www.chess.com"]

[Event "Titled Tuesday Blitz November 01 Early 2022"]
[White "Ardila, Oscar Humberto"]
[Black "Milosevic, Milos"]
[WhiteFideId "4404742"]
[BlackFideId "964875"]
[WhiteElo "1898"]
[BlackElo "2321"]
[Result "1-0"]
[Round "05"]
[TimeControl "180+1"]
[Date "2022.11.02"]
[WhiteClock "0:00:35"]
[BlackClock "0:00:03"]

1. d4 Nf6 2. c4 d6 3. Nc3 Nbd7 4. Nf3 e5 5. dxe5 dxe5 6. e3 Bb4 7. Qc2 O-O 8. Be2 e4 9. Nd4 Re8 10. O-O c6 11. Rd1 Qc7 12. a3 Bd6 13. h3 Bh2+ 14. Kh1 Nf8 15. b4 Ng6 16. Bb2 Nh4 17. Bf1 Be5 18. Rd2 Nf5 19. Nxf5 Bxf5 20. Rad1 g5 21. Ne2 g4 22. Bxe5 Rxe5 23. Nf4 gxh3 24. gxh3 Kh8 25. Qc3 Rg8 26. Rd6 Qe7 27. c5 Re8 28. Be2 h6 29. a4 Kh7 30. Rg1 Nd7 31. Nh5 Rg8 32. Rxg8 Kxg8 33. Qd4 Qh4 34. Rxd7 Qxh3+ 35. Kg1 1-0


[Site "https://www.chess.com"]

[Event "Titled Tuesday Blitz November 01 Early 2022"]
[White "Bagwe Gaurang"]
[Black "Colas, Joshua"]
[WhiteFideId "45039895"]
[BlackFideId "2044447"]
[WhiteElo "1931"]
[BlackElo "2347"]
[Result "0-1"]
[Round "05"]
[TimeControl "180+1"]
[Date "2022.11.02"]
[WhiteClock "0:00:03"]
[BlackClock "0:00:05"]

1. e4 g6 2. d4 Bg7 3. Nc3 a6 4. Be3 b5 5. Qd2 Bb7 6. Bd3 d6 7. h4 Nf6 8. a3 Ng4 9. Nf3 Nxe3 10. Qxe3 h5 11. O-O Nd7 12. Ng5 Nf6 13. e5 dxe5 14. dxe5 Ng4 15. Qf4 Nxe5 16. Rfe1 Qd6 17. Rxe5 Bxe5 18. Qxf7+ Kd7 19. Bxg6 Raf8 20. Rd1 Rxf7 21. Nxf7 Bxc3 22. Nxd6 cxd6 23. bxc3 Bxg2 24. Bf5+ e6 25. Bxe6+ Kxe6 26. Kxg2 Rc8 27. Rd3 Rc4 28. Kg3 Ra4 29. Re3+ Kf5 30. Rf3+ Ke6 31. Re3+ Kd7 32. c4 Rxc4 33. f4 Rxc2 34. f5 Rc4 35. f6 Rg4+ 36. Kf3 Rg6 37. Re7+ Kd8 38. Re6 Kd7 39. Re7+ Kc6 40. f7 Rf6+ 41. Ke4 a5 42. Kd4 b4 43. axb4 axb4 44. Ra7 b3 45. Kc3 Rf3+ 46. Kb2 Kd5 47. Ra5+ Kc4 48. Rxh5 Rf2+ 49. Kb1 Kc3 0-1


[Site "https://www.chess.com"]

[Event "Titled Tuesday Blitz November 01 Early 2022"]
[White "Balkum, Alexander"]
[Black "Namitbir Singh Walia"]
[WhiteFideId "2005069"]
[BlackFideId "35071068"]
[WhiteElo "2322"]
[BlackElo "2239"]
[Result "1/2-1/2"]
[Round "05"]
[TimeControl "180+1"]
[Date "2022.11.02"]
[WhiteClock "0:00:20"]
[BlackClock "0:00:08"]

1. e4 c5 2. Nf3 Nc6 3. d4 cxd4 4. Nxd4 g6 5. c4 Nf6 6. Nc3 Nxd4 7. Qxd4 d6 8. Bg5 Bg7 9. Qd2 O-O 10. Bd3 Be6 11. O-O Rc8 12. b3 a6 13. Rac1 Bd7 14. a4 Bc6 15. Kh1 Nd7 16. f4 Nc5 17. Bc2 h6 18. Bh4 Bxc3 19. Qxc3 Bxe4 20. f5 Qd7 21. fxg6 fxg6 22. Bxe4 Nxe4 23. Qe3 Qg4 24. Bxe7 Rxf1+ 25. Rxf1 Re8 26. Qf3 Qxf3 27. gxf3 Rxe7 28. fxe4 Rxe4 29. Rf6 Re3 30. Rxg6+ Kf7 31. Rxd6 Rxb3 32. Rxh6 Rb4 33. c5 Rxa4 34. Rh7+ Ke6 35. Rxb7 Kd5 36. Kg2 Kxc5 37. Kg3 Ra3+ 38. Kg4 a5 39. h4 Ra1 40. h5 a4 41. h6 a3 42. h7 Rh1 43. Ra7 Kb4 44. Kg5 Kb3 45. Kg6 a2 46. Kg7 Kb2 47. h8=Q Rxh8 48. Kxh8 a1=Q 49. Rxa1 Kxa1 1/2-1/2


[Site "https://www.chess.com"]

[Event "Titled Tuesday Blitz November 01 Early 2022"]
[White "Barria Zuniga, Daniel"]
[Black "Martinez, Shawn"]
[WhiteFideId "3400816"]
[BlackFideId "2039770"]
[WhiteElo "2414"]
[BlackElo "2174"]
[Result "0-1"]
[Round "05"]
[TimeControl "180+1"]
[Date "2022.11.02"]
[WhiteClock "0:00:16"]
[BlackClock "0:00:17"]

1. c4 e5 2. Nc3 Nc6 3. g3 f5 4. Bg2 Nf6 5. Nh3 Bb4 6. Na4 a5 7. a3 Be7 8. O-O O-O 9. d3 b6 10. Rb1 h6 11. f4 e4 12. Nc3 exd3 13. Qxd3 Bc5+ 14. e3 Ng4 15. b4 axb4 16. axb4 Nxb4 17. Rxb4 Bxb4 18. Bxa8 c6 19. Nf2 Nf6 20. Na2 Bc5 21. Ba3 Ba6 22. Bxc5 bxc5 23. Qxf5 Qxa8 24. Qxc5 d5 25. Nb4 Bxc4 26. Rd1 Rc8 27. e4 Qa4 28. e5 Ne4 29. Nxe4 Qxd1+ 30. Kf2 Qe2+ 31. Kg1 Qf1# 0-1


[Site "https://www.chess.com"]

[Event "Titled Tuesday Blitz November 01 Early 2022"]
[White "Bazeev, German"]
[Black "Sarana, Alexey"]
[WhiteFideId "24119350"]
[BlackFideId "24133795"]
[WhiteElo "2777"]
[BlackElo "3020"]
[Result "0-1"]
[Round "05"]
[TimeControl "180+1"]
[Date "2022.11.01"]
[WhiteClock "0:00:09"]
[BlackClock "0:00:02"]

1. d4 d5 2. Nf3 Nf6 3. c4 e6 4. g3 Nbd7 5. Qc2 c5 6. cxd5 Nxd5 7. Bg2 cxd4 8. Nxd4 Bc5 9. Nb3 Bb6 10. Nc3 Nxc3 11. Qxc3 Qf6 12. Qxf6 Nxf6 13. Bd2 a5 14. a4 Ke7 15. Rc1 Rd8 16. Rc4 e5 17. Nc5 Nd5 18. O-O f6 19. Rfc1 h5 20. Be1 Rb8 21. Bf3 g6 22. Be4 f5 23. Bg2 e4 24. e3 Bxc5 25. Rxc5 b6 26. R5c4 Ba6 27. Rd4 Ke6 28. Rc6+ Rd6 29. Rxd6+ Kxd6 30. b4 axb4 31. Bxb4+ Ke6 32. Bd2 Bd3 33. f3 Ke5 34. fxe4 Bxe4 35. Bf1 Rc8 36. Bc4 Rc5 37. Bc1 Ke6 38. Kf2 Rc8 39. Bb2 Ra8 40. Bb3 Rc8 41. Ke2 Rc5 42. Kd2 Rc6 43. Ba3 g5 44. h4 g4 45. Bb2 Rc8 46. Rc4 Rd8 47. Bd4 Rd6 48. Rc8 Kd7 49. Rh8 Nf6 50. Rh6 Bd5 51. Bc2 Ne4+ 52. Bxe4 Bxe4 53. Rxh5 Rc6 54. Rh7+ Kc8 55. h5 Rc2+ 56. Kd1 Rh2 57. h6 f4 58. exf4 Bxh7 0-1


[Site "https://www.chess.com"]

[Event "Titled Tuesday Blitz November 01 Early 2022"]
[White "Begunov, Konstantin"]
[Black "Zaichenko, Daria"]
[WhiteFideId "4118510"]
[BlackFideId "4197453"]
[WhiteElo "2225"]
[BlackElo "2039"]
[Result "0-1"]
[Round "05"]
[TimeControl "180+1"]
[Date "2022.11.02"]
[WhiteClock "0:00:08"]
[BlackClock "0:00:37"]

1. d4 d5 2. c4 e6 3. Nc3 Be7 4. Nf3 Nf6 5. cxd5 exd5 6. Bg5 c6 7. Qc2 O-O 8. e3 Ne4 9. Bxe7 Qxe7 10. Bd3 f5 11. Ne5 Nd7 12. f4 Nxe5 13. dxe5 Qh4+ 14. g3 Qh5 15. Be2 Qf7 16. O-O-O Nf2 17. Bh5 Qxh5 18. Qxf2 Be6 19. Kb1 Qf7 20. h3 c5 21. Ne2 d4 22. exd4 Bxa2+ 23. Ka1 Bd5 24. Rhe1 a5 25. dxc5 a4 26. Nc3 Bb3 27. Rd6 a3 28. Qd4 Qc7 29. e6 Qa5 30. Re2 axb2+ 31. Kxb2 Qa3+ 32. Kb1 Qa1# 0-1


[Site "https://www.chess.com"]

[Event "Titled Tuesday Blitz November 01 Early 2022"]
[White "Belozerov, Andrei"]
[Black "Myshakov, Fyodor"]
[WhiteFideId "4120213"]
[BlackFideId "14111284"]
[WhiteElo "2360"]
[BlackElo "2310"]
[Result "1-0"]
[Round "05"]
[TimeControl "180+1"]
[Date "2022.11.02"]
[WhiteClock "0:01:23"]
[BlackClock "0:01:05"]

1. e4 c6 2. d4 d5 3. e5 Bf5 4. h4 h5 5. c4 dxc4 6. Bxc4 e6 7. Nc3 Ne7 8. Nge2 Nd5 9. Ng3 Bg6 10. Bg5 Be7 11. Nge4 Nxc3 12. Nxc3 Bxg5 13. hxg5 Qxg5 14. Qf3 Qf5 15. Qe3 Nd7 16. Rd1 Qc2 17. O-O Qxb2 18. Ne4 O-O 19. Rb1 Qc2 20. Bd3 Qxa2 21. Rxb7 Nb6 22. Nf6+ Kh8 23. Bxg6 fxg6 24. Qh6+ 1-0


[Site "https://www.chess.com"]

[Event "Titled Tuesday Blitz November 01 Early 2022"]
[White "Besedes, Danilo"]
[Black "Pakleza, Zbigniew"]
[WhiteFideId "946796"]
[BlackFideId "1119290"]
[WhiteElo "2352"]
[BlackElo "2411"]
[Result "0-1"]
[Round "05"]
[TimeControl "180+1"]
[Date "2022.11.02"]
[WhiteClock "0:00:37"]
[BlackClock "0:00:55"]

1. Nf3 d5 2. g3 Nf6 3. Bg2 Bf5 4. c4 c6 5. O-O e6 6. d4 Nbd7 7. Nc3 Be7 8. Bg5 h6 9. Bxf6 Nxf6 10. Ne5 O-O 11. Qb3 Qb6 12. c5 Qc7 13. Rac1 Rfc8 14. h3 b6 15. cxb6 Qxb6 16. Na4 Qa6 17. e3 Rab8 18. Qd1 Bd6 19. Re1 Bxe5 20. dxe5 Nd7 21. Bf1 Qa5 22. b3 Nxe5 23. Rc5 Qxe1 0-1


[Site "https://www.chess.com"]

[Event "Titled Tuesday Blitz November 01 Early 2022"]
[White "Bluebaum, Matthias"]
[Black "Yuan, Qingyu"]
[WhiteFideId "24651516"]
[BlackFideId "8609772"]
[WhiteElo "2633"]
[BlackElo "2359"]
[Result "0-1"]
[Round "05"]
[TimeControl "180+1"]
[Date "2022.11.01"]
[WhiteClock "0:00:33"]
[BlackClock "0:00:04"]

1. d4 d5 2. c4 e6 3. Nc3 Nf6 4. cxd5 exd5 5. Bg5 c6 6. e3 h6 7. Bh4 Be7 8. Bd3 O-O 9. Nge2 Re8 10. O-O Nbd7 11. Qc2 a5 12. f3 b5 13. Bf2 Ba6 14. h3 Qb6 15. e4 b4 16. Nd1 Bxd3 17. Qxd3 c5 18. exd5 cxd4 19. Bxd4 Bc5 20. Ne3 Rxe3 21. Qxe3 Re8 22. Bxc5 Nxc5 23. Qf2 Nxd5 24. Rfd1 Rxe2 25. Qd4 Ne6 26. Qxb6 Nxb6 27. b3 Nf4 28. Rd6 Rxg2+ 29. Kh1 Rg3 30. Rxb6 Rxh3+ 31. Kg1 Rxf3 32. Rb5 g5 33. Rxa5 Kg7 34. Rb5 Nd3 35. Rf1 Rg3+ 36. Kh2 Re3 37. Rb7 Re2+ 38. Kg1 Nf4 39. Rxb4 Nh3+ 40. Kh1 Rxa2 41. Rf5 Rb2 42. Rb7 Kg6 43. Rfxf7 g4 44. Rg7+ Kh5 45. Rb4 Ng5 46. Kg1 Nh3+ 47. Kf1 Ng5 48. Rb6 g3 49. Rf6 g2+ 50. Kg1 Nh3+ 51. Kh2 g1=Q+ 52. Kxh3 Qh2# 0-1


[Site "https://www.chess.com"]

[Event "Titled Tuesday Blitz November 01 Early 2022"]
[White "Bordi, Kevin"]
[Black "Korelskiy, Egor"]
[WhiteFideId "621862"]
[BlackFideId "34329064"]
[WhiteElo "2801"]
[BlackElo "2053"]
[Result "0-1"]
[Round "05"]
[TimeControl "180+1"]
[Date "2022.11.02"]
[WhiteClock "0:00:06"]
[BlackClock "0:00:16"]

1. e4 c5 2. Nf3 e6 3. b4 cxb4 4. d4 d5 5. e5 Nc6 6. Bd3 Qb6 7. O-O Bd7 8. Be3 Nge7 9. a3 bxa3 10. Nxa3 a6 11. Nb5 Ng6 12. Nd6+ Bxd6 13. exd6 Nb4 14. Bxg6 hxg6 15. c3 Nc6 16. Qd2 Na5 17. Rfb1 Qd8 18. Bg5 f6 19. Qd3 Kf8 20. Bh4 Be8 21. Bg3 b5 22. Nh4 Rh6 23. Qe2 g5 24. Nf3 Bd7 25. h4 gxh4 26. Bxh4 Nc4 27. Bg3 Kg8 28. Bf4 Rh7 29. g3 g5 30. Bc1 Qe8 31. Nh2 Qg6 32. Be3 Qh6 33. f4 Nxe3 34. Qxe3 Qxh2+ 35. Kf1 Qh1+ 36. Qg1 Qf3+ 37. Ke1 Rh1 38. Qxh1 Qxh1+ 39. Kf2 Qh2+ 40. Kf3 g4+ 41. Kxg4 e5+ 42. f5 Qe2+ 43. Kh4 Bxf5 0-1


[Site "https://www.chess.com"]

[Event "Titled Tuesday Blitz November 01 Early 2022"]
[White "Brown, Andrew"]
[Black "Tharushi, T H D Niklesha"]
[WhiteFideId "3206513"]
[BlackFideId "9918264"]
[WhiteElo "2245"]
[BlackElo "1596"]
[Result "0-1"]
[Round "05"]
[TimeControl "180+1"]
[Date "2022.11.02"]
[WhiteClock "0:00:12"]
[BlackClock "0:02:14"]

1. d4 Nf6 2. c4 e6 3. Nc3 d5 4. g3 Bb4 5. Bg2 O-O 6. Nf3 b6 7. O-O Bb7 8. Ne5 Nbd7 9. Qa4 Bxc3 10. bxc3 Nxe5 11. dxe5 Qd7 12. Qxd7 Nxd7 13. f4 Nc5 14. Ba3 Rab8 15. f5 exf5 16. cxd5 g6 17. Bxc5 bxc5 18. Rab1 Ba6 19. Rxb8 Rxb8 20. d6 cxd6 21. exd6 Bxe2 22. Re1 Bb5 23. Rb1 Rb6 24. c4 Bd7 25. Rxb6 axb6 26. Bb7 Kg7 27. Ba6 Kf6 0-1


[Site "https://www.chess.com"]

[Event "Titled Tuesday Blitz November 01 Early 2022"]
[White "Brueckner, Thomas"]
[Black "Bilan, Danila"]
[WhiteFideId "4600452"]
[BlackFideId "24161918"]
[WhiteElo "2332"]
[BlackElo "2203"]
[Result "0-1"]
[Round "05"]
[TimeControl "180+1"]
[Date "2022.11.02"]
[WhiteClock "0:00:12"]
[BlackClock "0:00:58"]

1. e4 c6 2. d4 d5 3. Nd2 dxe4 4. Nxe4 Bf5 5. Ng3 Bg6 6. h4 h6 7. Nf3 Nd7 8. h5 Bh7 9. Bd3 Bxd3 10. Qxd3 Qc7 11. Bd2 e6 12. O-O-O Bd6 13. Ne4 Ngf6 14. Nxd6+ Qxd6 15. g3 Qd5 16. c4 Qe4 17. Qxe4 Nxe4 18. Be3 b5 19. b3 O-O 20. Kc2 Nb6 21. Ne5 Rac8 22. Kd3 Nf6 23. Rc1 Rfd8 24. Ke2 Ne4 25. Rc2 bxc4 26. bxc4 Nd7 27. Nxd7 Rxd7 28. Rd1 Rb7 29. g4 Rcb8 30. f3 Rb2 31. Rc1 Nc3+ 32. Kd3 Nxa2 33. Ra1 Nb4+ 0-1


[Site "https://www.chess.com"]

[Event "Titled Tuesday Blitz November 01 Early 2022"]
[White "Budrewicz, Krzysztof"]
[Black "Gharibyan, Mamikon"]
[WhiteFideId "1127950"]
[BlackFideId "13308300"]
[WhiteElo "2171"]
[BlackElo "2378"]
[Result "1/2-1/2"]
[Round "05"]
[TimeControl "180+1"]
[Date "2022.11.02"]
[WhiteClock "0:00:05"]
[BlackClock "0:00:05"]

1. d4 g6 2. c4 Bg7 3. Nf3 c5 4. d5 d6 5. g3 Nf6 6. Bg2 e6 7. Nc3 exd5 8. cxd5 O-O 9. O-O Re8 10. Bf4 Nh5 11. Bg5 Qb6 12. Qc2 Na6 13. e4 Nb4 14. Qb1 h6 15. Be3 Qa6 16. Rd1 c4 17. Ne1 Qa5 18. a3 Na6 19. Bf1 Nf6 20. Bxc4 Ng4 21. Bd4 Bxd4 22. Rxd4 Qb6 23. Rd2 Bd7 24. Bf1 Rac8 25. Qd1 Nc5 26. Re2 Nxe4 27. Nxe4 Rxe4 28. Nd3 Rd4 29. Rd2 Bf5 30. h3 Nf6 31. Nf4 Rxd2 32. Qxd2 Rc2 33. Qe1 Rxb2 34. Bg2 h5 35. Rc1 Rb1 36. Rxb1 Qxb1 37. Qxb1 Bxb1 38. Bf3 Bf5 39. h4 Kf8 40. Kf1 b5 41. Ke2 Ke7 42. Kd2 Kd7 43. Kc3 Kc7 44. Kd4 Kb6 45. Ne2 a5 46. Nc3 Bd7 47. Na2 Ng4 48. Bxg4 hxg4 49. Nc1 b4 50. axb4 axb4 51. Nd3 Kb5 52. Nb2 Bf5 53. Nc4 b3 54. Nxd6+ Kb4 55. Nc4 Bd7 56. Nb2 Bb5 57. d6 Bc6 58. Nd3+ Ka3 59. Kc3 Bb5 60. Nb2 Bd7 61. Nc4+ Ka2 62. Nb2 Be6 63. Nd3 Ka3 64. Nb2 Bd7 65. Nc4+ Ka2 66. Nb2 Bb5 67. Nd1 Ka3 68. Nb2 Bd7 1/2-1/2


[Site "https://www.chess.com"]

[Event "Titled Tuesday Blitz November 01 Early 2022"]
[White "Chan, Kim Yew"]
[Black "Mesa Cruz, Juan Carlos"]
[WhiteFideId "5717981"]
[BlackFideId "6423400"]
[WhiteElo "2206"]
[BlackElo "2059"]
[Result "1-0"]
[Round "05"]
[TimeControl "180+1"]
[Date "2022.11.02"]
[WhiteClock "0:00:11"]
[BlackClock "0:00:07"]

1. Nf3 d5 2. e3 c5 3. b3 Nc6 4. Bb5 Qb6 5. c4 Nf6 6. O-O Bg4 7. Nc3 e6 8. h3 Bh5 9. d4 cxd4 10. exd4 Bb4 11. Na4 Qd8 12. g4 Bg6 13. Ne5 Rc8 14. Bf4 dxc4 15. bxc4 Qa5 16. a3 Be7 17. Bd2 Qd8 18. Nxc6 bxc6 19. Ba6 Rb8 20. Bf4 O-O 21. Bxb8 Qxb8 22. c5 Qf4 23. Bd3 Rd8 24. Bxg6 hxg6 25. Qe2 Rxd4 26. Nc3 Qh6 27. Rad1 Rxd1 28. Rxd1 Qxh3 29. Ne4 Nxg4 30. f3 Ne5 31. Rf1 Bxc5+ 32. Nxc5 Qg3+ 33. Qg2 Qh4 34. Ne4 f5 35. Qg3 Qh5 36. Qxe5 fxe4 37. Qxh5 gxh5 38. fxe4 e5 39. Re1 Kf7 40. Kf2 g6 41. Rc1 Kf6 42. Rxc6+ Kg5 43. Kg3 h4+ 44. Kf3 Kh5 45. Rc8 g5 46. Rh8+ Kg6 47. Kg4 Kf6 48. Rh5 Ke6 49. Rxg5 1-0


[Site "https://www.chess.com"]

[Event "Titled Tuesday Blitz November 01 Early 2022"]
[White "Chernobay, Artem"]
[Black "Chernomordik, Pavel"]
[WhiteFideId "4167406"]
[BlackFideId "2804530"]
[WhiteElo "2473"]
[BlackElo "2217"]
[Result "1/2-1/2"]
[Round "05"]
[TimeControl "180+1"]
[Date "2022.11.02"]
[WhiteClock "0:00:06"]
[BlackClock "0:00:16"]

1. e4 g6 2. d4 Bg7 3. Nc3 d6 4. Be3 a6 5. Qd2 b5 6. O-O-O Bb7 7. f3 Nd7 8. h4 h6 9. Nh3 e6 10. Kb1 Nb6 11. Nf4 b4 12. Nce2 Nc4 13. Qd3 Nxe3 14. Qxe3 Qd7 15. d5 Ne7 16. h5 g5 17. dxe6 fxe6 18. Ng6 Nxg6 19. hxg6 a5 20. Nd4 O-O-O 21. Bc4 d5 22. Nb5 d4 23. Qb3 Rhe8 24. Qa4 c6 25. Na7+ Kb8 26. Qxa5 Qc7 27. Qa4 Qb6 28. Nxc6+ Bxc6 29. Qb3 Bd7 30. a3 Kc7 31. axb4 Rb8 32. c3 Ra8 33. cxd4 Ba4 34. Qc3 Bxd1 35. Bd5+ Kb8 36. Bxa8 Kxa8 37. Rxd1 Rd8 38. Qa3+ Kb8 39. d5 exd5 40. Qd3 d4 41. Rc1 Qxb4 42. Rc4 Qe1+ 43. Ka2 Qa5+ 44. Kb1 Rd7 45. Rc6 Ra7 46. Qc4 Qe1+ 47. Kc2 d3+ 48. Kxd3 Qf1+ 49. Ke3 Qxc4 50. Rxc4 Ra6 51. Rb4+ Kc7 52. g4 Rxg6 53. f4 Rb6 54. Rxb6 Kxb6 55. e5 Kc6 56. Ke4 gxf4 57. Kxf4 Kd5 58. Kf5 Bxe5 59. g5 hxg5 60. Kxg5 Bxb2 1/2-1/2


[Site "https://www.chess.com"]

[Event "Titled Tuesday Blitz November 01 Early 2022"]
[White "Chernov, Mikhail"]
[Black "Aaditya Dhingra"]
[WhiteFideId "24143170"]
[BlackFideId "25678191"]
[WhiteElo "2113"]
[BlackElo "2054"]
[Result "0-1"]
[Round "05"]
[TimeControl "180+1"]
[Date "2022.11.02"]
[WhiteClock "0:00:02"]
[BlackClock "0:00:10"]

1. e4 c5 2. Nf3 d6 3. d4 cxd4 4. Nxd4 Nf6 5. Nc3 Nc6 6. Bc4 Qb6 7. Nxc6 bxc6 8. O-O g6 9. Be3 Qc7 10. f4 Bg7 11. Kh1 O-O 12. Bd4 e5 13. fxe5 dxe5 14. Bc5 Rd8 15. Qf3 Rb8 16. Bb3 Be6 17. Be3 Re8 18. Bg5 Nh5 19. Rad1 a5 20. Na4 h6 21. Be3 Nf4 22. Nc5 Bxb3 23. axb3 Rbd8 24. g3 Nh3 25. Kg2 Ng5 26. Bxg5 hxg5 27. Rxd8 Rxd8 28. Rd1 Bf8 29. Nd3 c5 30. Qf6 Be7 31. Qa6 Rd4 32. Ra1 c4 33. bxc4 Rxc4 34. c3 Kg7 35. Nxe5 Rxe4 36. Nd3 Re2+ 37. Kf1 Re6 38. Qxa5 Qb7 39. Kg1 Qf3 40. Nf2 Qe3 41. Rf1 Bc5 42. b4 Bb6 43. Qa2 Rd6 44. Qc2 Rd2 0-1


[Site "https://www.chess.com"]

[Event "Titled Tuesday Blitz November 01 Early 2022"]
[White "Clawitter, Craig"]
[Black "Khalakhan, Jurij"]
[WhiteFideId "2023105"]
[BlackFideId "14142368"]
[WhiteElo "2288"]
[BlackElo "2208"]
[Result "1-0"]
[Round "05"]
[TimeControl "180+1"]
[Date "2022.11.02"]
[WhiteClock "0:01:44"]
[BlackClock "0:02:26"]

1. e4 c5 2. Nf3 e6 3. d4 cxd4 4. Nxd4 Nc6 5. Nc3 Qc7 6. Be3 a6 7. Qd2 Nf6 8. O-O-O Bb4 9. f3 Ne5 10. Nb3 b5 11. Kb1 Bxc3 12. Qxc3 Qxc3 13. bxc3 d5 14. Bd4 Ned7 15. e5 Ng8 16. f4 Ne7 17. Bd3 g6 18. g4 h5 19. h3 Bb7 20. f5 gxf5 21. gxf5 Nxf5 22. Bxf5 exf5 23. e6 Rg8 24. exd7+ Kxd7 1-0


[Site "https://www.chess.com"]